PBA
LOS ANGELES LIONS @ SACRAMENTO MINERS
06/27/1915
 
TOP OF THE 1ST
Los Angeles Lions batting - Pitching for Sacramento Miners : RHP Charles Jefferson
Pitching: RHP Charles Jefferson
Batting: RHB Thaddeus Coxall 0-0: Fly out, F7 (Flyball, 7D, EV 95.0 MPH)
Batting: RHB Ellsworth Fearon 0-0: Ball
1-0: Foul Ball, location: 2LF
1-1: Swinging Strike
1-2: Ground out 6-3 (Groundball, 6S, EV 83.1 MPH)
Batting: LHB Roscoe Varney 0-0: Called Strike
0-1: Ball
1-1: Reached on error, E4 (Groundball, 4, EV 82.5 MPH)
Batting: LHB Albert Foale 0-0: Ball
1-0: Ball
2-0: Ground out 1-3 (Groundball, 34S, EV 73.1 MPH)
Top of the 1st over - 0 runs, 0 hits, 1 error, 1 left on base; Los Angeles 0 - Sacramento 0
BOTTOM OF THE 1ST
Sacramento Miners batting - Pitching for Los Angeles Lions : LHP Carl Cooper
Pitching: LHP Carl Cooper
Batting: LHB Morgan Spencer 0-0: Ball
1-0: Foul Ball, location: 23FF
1-1: Ground out U3 (Groundball, 34, EV 85.0 MPH)
Batting: RHB Bernard Brooks 0-0: Foul Ball, location: 3SF
0-1: Ball
1-1: Ground out 6-3 (Groundball, 6, EV 101.3 MPH)
Batting: RHB General Vaughan 0-0: Called Strike
0-1: Fly out, F4 (Flyball, 4D, EV 93.1 MPH)
Bottom of the 1st over - 0 runs, 0 hits, 0 errors, 0 left on base; Los Angeles 0 - Sacramento 0
TOP OF THE 2ND
Los Angeles Lions batting - Pitching for Sacramento Miners : RHP Charles Jefferson
Batting: LHB Ulysses Gallant 0-0: Ball
1-0: Ball
2-0: Ball
3-0: Base on Balls
Batting: LHB Rodney Turner 0-0: Bunted foul
0-1: Sac Bunt to 15S - play at first, batter OUT! 1-3
Ulysses Gallant to second
Batting: LHB Jesse Bailey 0-0: Ball
1-0: Ball
2-0: Foul Ball, location: 2F
2-1: Called Strike
2-2: Foul Ball, location: 2F
2-2: Ground out U3 (Groundball, 3, EV 83.1 MPH)
Ulysses Gallant to third
Batting: LHB Myron Turner 0-0: Called Strike
0-1: Ball
1-1: Foul Ball, location: 9LMF
1-2: Ball
2-2: Fly out, F6 (Line Drive, 6, EV 72.5 MPH)
Top of the 2nd over - 0 runs, 0 hits, 0 errors, 1 left on base; Los Angeles 0 - Sacramento 0
BOTTOM OF THE 2ND
Sacramento Miners batting - Pitching for Los Angeles Lions : LHP Carl Cooper
Batting: RHB Byron Wilkinson 0-0: Ball
1-0: SINGLE (Line Drive, 78S, EV 86.3 MPH)
Batting: LHB Odell Denby 0-0: Ball
1-0: Sac Bunt to 2L - play at second, runner safe!
Batting: LHB Leonard Musset 0-0: Reached on error, E5 (Groundball, 25, EV 43.8 MPH)
Byron Wilkinson to third
Odell Denby to second
Batting: RHB Frank Lewis 0-0: Ball
1-0: Swinging Strike
1-1: Foul Ball, location: 9LMF
1-2: Strikes out swinging
Batting: LHB Bartholo Dimond 0-0: Ball
1-0: Ball
2-0: Foul Ball, location: 3F
2-1: Foul Ball, location: 2LF
2-2: DOUBLE (Flyball, 89D, EV 108.8 MPH)
Byron Wilkinson scores
Odell Denby scores
Leonard Musset to third
Runner from 3rd tries for Home, SAFE, no throw by RF
Batting: RHB Charles Jefferson 0-0: Ball
1-0: Swinging Strike
1-1: Ball
2-1: Foul Ball, location: 23FF
2-2: Foul Ball, location: 9LDF
2-2: Strikes out swinging
Batting: LHB Morgan Spencer 0-0: Ground out 4-3 (Groundball, 34D, EV 100.0 MPH)
Bottom of the 2nd over - 3 runs, 2 hits, 1 error, 1 left on base; Los Angeles 0 - Sacramento 3
TOP OF THE 3RD
Los Angeles Lions batting - Pitching for Sacramento Miners : RHP Charles Jefferson
Batting: LHB Carl Cooper 0-0: Ball
1-0: Fly out, F4 (Popup, 34S, EV 68.1 MPH)
Batting: RHB Thaddeus Coxall 0-0: Ball
1-0: Swinging Strike
1-1: Fly out, F2 (Popup, 25F, EV 85.6 MPH)
Batting: RHB Ellsworth Fearon 0-0: Foul Ball, location: 2F
0-1: Ball
1-1: Ball
2-1: Ground out 5-3 (Groundball, 5L, EV 100.0 MPH)
Top of the 3rd over - 0 runs, 0 hits, 0 errors, 0 left on base; Los Angeles 0 - Sacramento 3
BOTTOM OF THE 3RD
Sacramento Miners batting - Pitching for Los Angeles Lions : LHP Carl Cooper
Batting: RHB Bernard Brooks 0-0: Ball
1-0: Ground out 3-1 (Groundball, 34, EV 95.6 MPH)
Batting: RHB General Vaughan 0-0: Ball
1-0: Ball
2-0: Called Strike
2-1: Foul Ball, location: 3FF
2-2: Strikes out swinging
Batting: RHB Byron Wilkinson 0-0: Fly out, F7 (Flyball, 78D, EV 90.0 MPH)
Bottom of the 3rd over - 0 runs, 0 hits, 0 errors, 0 left on base; Los Angeles 0 - Sacramento 3
TOP OF THE 4TH
Los Angeles Lions batting - Pitching for Sacramento Miners : RHP Charles Jefferson
Batting: LHB Roscoe Varney 0-0: Ground out 2-3 (Groundball, 2L, EV 63.1 MPH)
Batting: LHB Albert Foale 0-0: Called Strike
0-1: Called Strike
0-2: Strikes out swinging
Batting: LHB Ulysses Gallant 0-0: Called Strike
0-1: Ball
1-1: Fly out, F6 (Popup, 6M, EV 76.9 MPH)
Top of the 4th over - 0 runs, 0 hits, 0 errors, 0 left on base; Los Angeles 0 - Sacramento 3
BOTTOM OF THE 4TH
Sacramento Miners batting - Pitching for Los Angeles Lions : LHP Carl Cooper
Batting: LHB Odell Denby 0-0: Ball
1-0: Called Strike
1-1: Ball
2-1: Foul Ball, location: 25F
2-2: Foul Ball, location: 9LDF
2-2: SINGLE (Line Drive, 9S, EV 95.0 MPH)
Batting: LHB Leonard Musset 0-0: Ball
1-0: Fielders Choice at 2nd, 6-4 (Groundball, 6, EV 100.0 MPH)
Batting: RHB Frank Lewis 0-0: Called Strike
0-1: Fly out, F5 (Line Drive, 5D, EV 66.3 MPH)
Batting: LHB Bartholo Dimond 0-0: Called Strike
0-1: Called Strike
0-2: Ball
1-2: Fly out, F8 (Line Drive, 8LM, EV 95.0 MPH)
Bottom of the 4th over - 0 runs, 1 hit, 0 errors, 1 left on base; Los Angeles 0 - Sacramento 3
TOP OF THE 5TH
Los Angeles Lions batting - Pitching for Sacramento Miners : RHP Charles Jefferson
Batting: LHB Rodney Turner 0-0: Ball
1-0: Ball
2-0: Fly out, F5 (Popup, 56S, EV 79.4 MPH)
Batting: LHB Jesse Bailey 0-0: Swinging Strike
0-1: Called Strike
0-2: Ground out 2-3 (Groundball, 15S, EV 70.0 MPH)
Batting: LHB Myron Turner 0-0: Called Strike
0-1: Ball
1-1: Ball
2-1: Swinging Strike
2-2: Strikes out swinging
Top of the 5th over - 0 runs, 0 hits, 0 errors, 0 left on base; Los Angeles 0 - Sacramento 3
BOTTOM OF THE 5TH
Sacramento Miners batting - Pitching for Los Angeles Lions : LHP Carl Cooper
Batting: RHB Charles Jefferson 0-0: Ball
1-0: Ball
2-0: Ball
3-0: Base on Balls
Batting: LHB Morgan Spencer 0-0: Sac Bunt to 15 - play at first, batter OUT! 1-3
Charles Jefferson to second
Batting: RHB Bernard Brooks 0-0: Swinging Strike
0-1: Ball
1-1: Called Strike
1-2: Foul Ball, location: 2F
1-2: Ball
2-2: Ball
3-2: Foul Ball, location: 7LSFF
3-2: Base on Balls
Batting: RHB General Vaughan 0-0: Ball
1-0: Foul Ball, location: 9LMF
1-1: Ball
2-1: Ball
3-1: Fly out, F7 (Line Drive, 7S, EV 85.0 MPH)
Batting: RHB Byron Wilkinson 0-0: Ball
1-0: Ball
2-0: Called Strike
2-1: Fly out, F5 (Popup, 56S, EV 85.6 MPH)
Bottom of the 5th over - 0 runs, 0 hits, 0 errors, 2 left on base; Los Angeles 0 - Sacramento 3
TOP OF THE 6TH
Los Angeles Lions batting - Pitching for Sacramento Miners : RHP Charles Jefferson
Batting: LHB Carl Cooper 0-0: Ground out 4-3 (Groundball, 4S, EV 77.5 MPH)
Batting: RHB Thaddeus Coxall 0-0: Called Strike
0-1: Foul Ball, location: 9LDF
0-2: Ground out 6-3 (Groundball, 6, EV 91.3 MPH)
Batting: RHB Ellsworth Fearon 0-0: SINGLE (Popup, 3S, EV 74.4 MPH) (infield hit)
Batting: LHB Roscoe Varney 0-0: Ball
1-0: Ground out U3 (Groundball, 3L, EV 105.0 MPH)
Top of the 6th over - 0 runs, 1 hit, 0 errors, 1 left on base; Los Angeles 0 - Sacramento 3
BOTTOM OF THE 6TH
Sacramento Miners batting - Pitching for Los Angeles Lions : LHP Carl Cooper
Batting: LHB Odell Denby 0-0: Called Strike
0-1: Foul Ball, location: 3FF
0-2: Ball
1-2: Ball
2-2: Ground out 6-3 (Groundball, 6, EV 97.5 MPH)
Batting: LHB Leonard Musset 0-0: Ball
1-0: Ball
2-0: Called Strike
2-1: Ball
3-1: Ground out 5-3 (Groundball, 56, EV 81.3 MPH)
Batting: RHB Frank Lewis 0-0: Called Strike
0-1: Ground out 2-3 (Groundball, 2R, EV 73.8 MPH)
Bottom of the 6th over - 0 runs, 0 hits, 0 errors, 0 left on base; Los Angeles 0 - Sacramento 3
TOP OF THE 7TH
Los Angeles Lions batting - Pitching for Sacramento Miners : RHP Charles Jefferson
Batting: LHB Albert Foale 0-0: Ball
1-0: Ball
2-0: Called Strike
2-1: Ground out 5-3 (Groundball, 5, EV 93.1 MPH)
Batting: LHB Ulysses Gallant 0-0: Hit by Pitch
Batting: LHB Rodney Turner 0-0: Called Strike
0-1: Ball
1-1: Fly out, F9 (Flyball, 9LS, EV 93.8 MPH)
Batting: LHB Jesse Bailey 0-0: SINGLE (Line Drive, 8RS, EV 94.4 MPH)
Ulysses Gallant to second
Runner from 2nd tries for 3rd, SAFE, throw by CF made to third
Batting: LHB Myron Turner 0-0: Ball
1-0: Ground out U3 (Groundball, 3L, EV 81.3 MPH)
Top of the 7th over - 0 runs, 1 hit, 0 errors, 2 left on base; Los Angeles 0 - Sacramento 3
BOTTOM OF THE 7TH
Sacramento Miners batting - Pitching for Los Angeles Lions : LHP Carl Cooper
Batting: LHB Bartholo Dimond 0-0: SINGLE (Line Drive, 8LS, EV 108.8 MPH)
Batting: RHB Charles Jefferson 0-0: Sac Bunt to 15S - play at first, batter OUT! 1-3
Bartholo Dimond to second
Batting: LHB Morgan Spencer 0-0: Ball
1-0: Ball
2-0: Ball
3-0: Base on Balls
Batting: RHB Bernard Brooks 0-0: Called Strike
0-1: Ball
1-1: Foul Ball, location: 25F
1-2: DOUBLE (Line Drive, 7LM, EV 110.0 MPH)
Bartholo Dimond scores
Morgan Spencer to third
Runner from 3rd tries for Home, SAFE, throw by LF to trailing runner, SAFE at third!
Pitching: LHP Thomas Birdsall
Batting: RHB General Vaughan 0-0: Called Strike
0-1: SINGLE (Groundball, 34D, EV 101.3 MPH)
Bernard Brooks scores
Batting: RHB Byron Wilkinson 0-0: Ball
1-0: Ball
2-0: Called Strike
2-1: Ball
3-1: Fielders Choice at 2nd, 6-4 (Groundball, 6, EV 78.8 MPH)
Batting: LHB Odell Denby 0-0: Swinging Strike
0-1: SINGLE (Groundball, 56D, EV 98.8 MPH)
Byron Wilkinson to second
Batting: LHB Leonard Musset 0-0: Reached on error, E6 (Groundball, 6, EV 84.4 MPH)
Byron Wilkinson to third
Odell Denby to second
Batting: RHB Frank Lewis 0-0: Ball
1-0: Fly out, F8 (Flyball, 89M, EV 96.9 MPH)
Bottom of the 7th over - 3 runs, 4 hits, 1 error, 3 left on base; Los Angeles 0 - Sacramento 6
TOP OF THE 8TH
Los Angeles Lions batting - Pitching for Sacramento Miners : RHP Charles Jefferson
Batting: RHB Thomas Birdsall 0-0: Called Strike
0-1: Foul Ball, location: 2F
0-2: Ball
1-2: Ground out U3 (Groundball, 13, EV 82.5 MPH)
Batting: RHB Thaddeus Coxall 0-0: Ground out U3 (Groundball, 34S, EV 71.3 MPH)
Batting: RHB Ellsworth Fearon 0-0: Ball
1-0: Ball
2-0: Fly out, F9 (Line Drive, 9, EV 90.0 MPH)
Top of the 8th over - 0 runs, 0 hits, 0 errors, 0 left on base; Los Angeles 0 - Sacramento 6
BOTTOM OF THE 8TH
Sacramento Miners batting - Pitching for Los Angeles Lions : LHP Thomas Birdsall
Batting: LHB Bartholo Dimond 0-0: Ground out 4-3 (Groundball, 4, EV 81.9 MPH)
Batting: RHB Charles Jefferson 0-0: Ball
1-0: Ball
2-0: Foul Ball, location: 9LDF
2-1: SINGLE (Line Drive, 34D, EV 105.0 MPH)
Batting: LHB Morgan Spencer 0-0: Called Strike
0-1: Ball
1-1: Ball
2-1: Ball
3-1: Fly out, F8 (Flyball, 8LM, EV 91.3 MPH)
Batting: RHB Bernard Brooks 0-0: Swinging Strike
0-1: Called Strike
0-2: Ball
Wild Pitch!
Charles Jefferson to second
1-2: Strikes out looking
Bottom of the 8th over - 0 runs, 1 hit, 0 errors, 1 left on base; Los Angeles 0 - Sacramento 6
TOP OF THE 9TH
Los Angeles Lions batting - Pitching for Sacramento Miners : RHP Charles Jefferson
Batting: LHB Roscoe Varney 0-0: Fly out, F8 (Flyball, 89M, EV 91.3 MPH)
Batting: LHB Albert Foale 0-0: Ball
1-0: Fly out, F8 (Flyball, 78D, EV 95.0 MPH)
Batting: LHB Ulysses Gallant 0-0: Swinging Strike
0-1: Fly out, F4 (Popup, 34S, EV 83.8 MPH)
Top of the 9th over - 0 runs, 0 hits, 0 errors, 0 left on base; Los Angeles 0 - Sacramento 6
Tuesday, November 19th , 2024 - OOTP Baseball 25.10 Build 95